AoeStats
← LtArtemisYo

Arena

510417040Analyzed
2v2 RM · 3d ago on Sep 30, 2026· 42m 26s· 4 players
Game mode
Random Map
Map size
Medium (4 player)
Population
200
Speed
Normal
Resources
Standard
Victory
Conquest
Starting age
Dark Age
Ending age
Imperial Age
RankedLock teamsTeams togetherTeam positionsShared explorationLock speedFull tech treeHidden civsTurbo modeCheats
Victory
Defeat
🇺🇸 Spanish · United States
1079
+13
🇺🇸 Khmer · United States
1078
+13
🇪🇸 Franks · Spain
1025
-13
🇵🇪 Khmer · Peru
1015
-13
oxy
0:30 Loom
15:02 Feudal Age
16:26 Wheelbarrow
20:40 Castle Age
18:44 Double-Bit Axe
19:19 Fletching
26:52 Bodkin Arrow
27:08 Forging
28:25 Hand Cart
27:56 Town Watch
29:35 Scale Barding Armor
38:23 Imperial Age
38:32 Cavalier
39:46 Chain Barding Armor
Nacho
9:51 Feudal Age
13:06 Castle Age
14:21 Double-Bit Axe
23:22 Loom
23:49 Horse Collar
24:52 Bloodlines
25:42 Light Cavalry
28:23 Wheelbarrow
27:52 Husbandry
28:44 Scale Barding Armor
29:56 Forging
31:29 Iron Casting
33:24 Chain Barding Armor
36:45 Imperial Age
34:42 Heavy Plow
37:22 Fletching
37:32 Padded Archer Armor
37:34 Elite Battle Elephant
38:13 Hussar
38:20 Elite Skirmisher
LtArtemisYo
10:37 Feudal Age
15:32 Castle Age
14:48 Double-Bit Axe
24:04 Wheelbarrow
24:34 Horse Collar
27:29 Hand Cart
27:57 Padded Archer Armor
28:39 Loom
30:29 Heavy Plow
33:07 Imperial Age
33:25 Ballistics
33:02 Murder Holes
35:05 Chemistry
34:39 Bow Saw
35:42 Conscription
36:11 Gold Mining
37:07 Masonry
37:37 Bloodlines
37:28 Husbandry
37:23 Elite Conquistador
40:02 Architecture
39:01 Light Cavalry
LtPeppersYo
11:18 Feudal Age
12:07 Double-Bit Axe
16:17 Castle Age
15:14 Horse Collar
15:27 Gold Mining
15:59 Loom
17:24 Bow Saw
22:18 Light Cavalry
26:04 Wheelbarrow
25:56 Bloodlines
25:48 Husbandry
29:16 Heavy Plow
29:35 Stone Mining
30:21 Gold Shaft Mining
30:42 Forging
30:38 Scale Barding Armor
35:26 Imperial Age
33:06 Fletching
34:11 Iron Casting
35:14 Chain Barding Armor
35:03 Elite Skirmisher
36:01 Cavalier
39:12 Hand Cart
39:50 Plate Barding Armor
40:49 Devotion
42:50 Faith
Connection lost

Rejoining the realm…

Still unreachable

The connection could not be restored.

Session expired

The server has moved on; the page needs a fresh start.